 Dungeon Sprint DCSS version 0.18-a0-640-g2c992fa (webtiles) character file.

1125 xeno23 the Basher (level 8, 0/118 HPs)
             Began as a Minotaur Berserker on Dec 5, 2015.
             Was an Elder of Trog.
             Slain by a demonic crawler (3 damage)
             ... in the Dungeon (Sprint I: "Red Sonja").
             The game lasted 00:02:41 (819 turns).

xeno23 the Basher (Minotaur Berserker)               Turns: 819, Time: 00:02:42

Health: 0/118      AC:  2    Str: 29    XL:     8   Next: 13%
Magic:  7/7        EV: 15    Int:  4    God:    Trog [****..]
Gold:   405        SH:  0    Dex: 10    Spells: 0 memorised, 7 levels left

rFire  . . .     SeeInvis .     a - +0 mace
rCold  . . .     Clarity  .     b - +0 animal skin
rNeg   . . .     SustAt   .     (no shield)
rPois  .         Gourm    .     (helmet restricted)
rElec  .         Spirit   .     (no cloak)
rCorr  .         Dismiss  .     (no gloves)
rMut   .         NoTele   +     (no boots)
MR     .....                    (no amulet)
Stlth  ..........               (no ring)
                                (no ring)

@: berserking, very quick, not resistant to hostile enchantments, extremely
unstealthy
A: retaliatory headbutt, horns 2
a: Berserk, Trog's Hand, Brothers in Arms, Burn Spellbooks, Renounce Religion


You were in the Dungeon.
You worshipped Trog.
Trog was greatly pleased with you.
You were not hungry.

You visited 1 branch You collected 405 gold pieces.

Inventory:

Hand Weapons
 a - a +0 mace (weapon)
Armour
 b - a +0 animal skin (worn)
Scrolls
 i - a scroll of blinking
Potions
 d - a potion of curing
 e - a potion of heal wounds
 f - a potion of haste
 g - 2 potions of magic
 h - a potion of berserk rage
Comestibles
 c - 2 bread rations
 j - a chunk of flesh


   Skills:
 + Level 10.2 Fighting
 * Level 13.5 Maces & Flails
 + Level 9.9 Armour
 + Level 9.1 Dodging


You had 7 spell levels left.
You didn't know any spells.

Dungeon Overview and Level Annotations

Branches:
Dungeon (1/1)

Altars:
Cheibriados
Dithmenos
Elyvilon
Fedhas
Gozag
Kikubaaqudgha
Makhleb
Nemelex Xobeh
Okawaru
Pakellas
Qazlal
Ru
Sif Muna
Trog
Vehumet
Xom
Yredelemnul
Zin
The Shining One
Jiyva

Shops:
D }

Annotations:
D exclusion: door


Innate Abilities, Weirdness & Mutations

You reflexively headbutt those who attack you in melee.
You have a pair of horns on your head.


Message History

The demonic crawler hits you.
* * * LOW HITPOINT WARNING * * *
The demonic crawler hits you.
* * * LOW HITPOINT WARNING * * *
The demonic crawler hits you!
* * * LOW HITPOINT WARNING * * *
The demonic crawler hits you.
* * * LOW HITPOINT WARNING * * *
The demonic crawler barely misses you. x2
You take 23 damage.
You sock the demonic crawler!
The demonic crawler is severely wounded.
You thump the demonic crawler!
You headbutt the demonic crawler, but do no damage.
The demonic crawler is almost dead.
The demonic crawler barely misses you. The demonic crawler hits you.
* * * LOW HITPOINT WARNING * * *
The demonic crawler hits you but does no damage.
The demonic crawler closely misses you. The demonic crawler hits you.
You die...

##################
.#.)'..#__#..')..#
.'..#..'..'..#).s##+#
'#####'#__####..@ss.#
.#...#.#### #####s.+
##..##)# ## _##'#..+
..'..._# _##_.#'#
_###+#(# ## ###


You could see 4 demonic crawlers.

Vanquished Creatures
  2 kobold demonologists (D)
  A slime creature (D)
  A yak (D)
  Sigmund (D)
  An ogre (D)
  A jelly (D)
  Ijyb (D)
  A giant eyeball (D)
9 creatures vanquished.

Vanquished Creatures (others)
  A gargoyle (D)
1 creature vanquished.

Grand Total: 10 creatures vanquished

Notes
Turn   | Place    | Note
--------------------------------------------------------------
     0 | D        | xeno23 the Minotaur Berserker began the quest for the Orb.
     0 | D        | Reached XP level 1. HP: 19/19 MP: 0/0
     1 | D        | Noticed Ijyb
    12 | D        | Killed Ijyb
    12 | D        | Reached skill level 4 in Fighting
    12 | D        | Reached skill level 5 in Maces & Flails
    12 | D        | Reached XP level 2. HP: 7/28 MP: 1/1
   250 | D        | Noticed an ogre
   254 | D        | Killed an ogre
   254 | D        | Reached ** piety under Trog
   254 | D        | Reached skill level 6 in Fighting
   254 | D        | Reached skill level 7 in Maces & Flails
   254 | D        | Reached skill level 5 in Armour
   254 | D        | Reached XP level 3. HP: 37/37 MP: 2/2
   254 | D        | Reached XP level 4. HP: 44/44 MP: 3/3
   304 | D        | Noticed Sigmund
   311 | D        | Killed Sigmund
   311 | D        | Reached skill level 10 in Maces & Flails
   311 | D        | Reached XP level 5. HP: 49/52 MP: 4/4
   361 | D        | Found a deep blue altar of Sif Muna.
   363 | D        | Found a radiant altar of Vehumet.
   367 | D        | Reached XP level 6. HP: 29/61 MP: 5/5
   524 | D        | Found a snail-covered altar of Cheibriados.
   524 | D        | Found a viscous altar of Jiyva.
   524 | D        | Found a shadowy altar of Dithmenos.
   524 | D        | Found a blossoming altar of Fedhas.
   524 | D        | Noticed a slime creature
   529 | D        | Killed a slime creature
   529 | D        | Reached *** piety under Trog
   529 | D        | Reached skill level 11 in Maces & Flails
   593 | D        | Found Noijif's Gadget Emporium.
   593 | D        | Found a white marble altar of Elyvilon.
   593 | D        | Found a stormy altar of Qazlal.
   593 | D        | Found a burning altar of Makhleb.
   593 | D        | Found a sacrificial altar of Ru.
   593 | D        | Found an oddly glowing altar of Pakellas.
   593 | D        | Found a basalt altar of Yredelemnul.
   593 | D        | Found a glowing golden altar of the Shining One.
   593 | D        | Found a sparkling altar of Nemelex Xobeh.
   593 | D        | Found a shimmering altar of Xom.
   593 | D        | Found an opulent altar of Gozag.
   593 | D        | Found an ancient bone altar of Kikubaaqudgha.
   593 | D        | Found a glowing silver altar of Zin.
   593 | D        | Noticed a yak
   597 | D        | Killed a yak
   597 | D        | Reached skill level 12 in Maces & Flails
   597 | D        | Reached XP level 7. HP: 70/70 MP: 6/6
   598 | D        | Found an iron altar of Okawaru.
   601 | D        | Found a bloodstained altar of Trog.
   611 | D        | Killed a gargoyle
   658 | D        | Noticed a kobold demonologist
   659 | D        | Noticed a kobold demonologist
   659 | D        | Paralysed by a giant eyeball for 4 turns
   664 | D        | Noticed a sixfirhy
   666 | D        | Paralysed by a giant eyeball for 3 turns
   670 | D        | Noticed a rust devil
   678 | D        | Killed a kobold demonologist
   678 | D        | Reached **** piety under Trog
   678 | D        | Reached skill level 13 in Maces & Flails
   684 | D        | Killed a kobold demonologist
   684 | D        | Reached skill level 10 in Fighting
   684 | D        | Reached XP level 8. HP: 68/79 MP: 7/7
   811 | D        | Noticed a demonic crawler
   811 | D        | Noticed a demonic crawler
   811 | D        | Noticed a demonic crawler
   811 | D        | Noticed a demonic crawler
   817 | D        | HP: 5/118 [demonic crawler (3)]
   819 | D        | Slain by a demonic crawler

Vault maps used:
D:        dungeon_sprint_1

Action                   |  1- 3 |  4- 6 |  7- 9 || total
-------------------------+-------+-------+-------++-------
Melee: Mace              |    12 |    14 |    25 ||    51
Invok: Berserk           |     2 |     3 |     2 ||     7
  Eat: Chunk             |       |     3 |     3 ||     6
